 Dungeon Crawl Stone Soup version 0.30-a0-859-gf88a04b62d (webtiles) character file.

Game seed: 9378966215262279460

5401 juan097 the Carver (level 10, -4/66 HPs)
             Began as an Octopode Brigand on Mar 6, 2023.
             Was an Initiate of Gozag.
             Slain by a yak (16 damage)
             ... on level 1 of the Lair of Beasts.
             The game lasted 00:28:09 (11125 turns).

juan097 the Carver (Octopode Brigand)              Turns: 11125, Time: 00:28:09

Health: -4/66      AC:  1    Str: 12    XL:     10   Next: 67%
Magic:  10/10      EV: 16    Int: 14    God:    Gozag
Gold:   1229       SH:  0    Dex: 18    Spells: 7/9 levels left

rFire   + . .      SeeInvis .    a - +5 scimitar "Pycow" {elec, rF+ rN+ Str+2}
rCold   . . .      Faith    .    (no shield)
rNeg    + . .      Spirit   .    (helmet restricted)
rPois   +          Reflect  .    l - amulet "Sivuerodd" {Acrobat rElec rPois Will+}
rElec   +          Rampage  .    (no ring)
rCorr   .                        (no ring)
Will    +....                    (no ring)
Stlth   +++++                    (no ring)
HPRegen 0.31/turn                (no ring)
MPRegen 0.12/turn                (no ring)
                                 (no ring)
                                 (no ring)

@: no status effects
A: almost no armour, amphibious, 8 rings, camouflage 1, gelatinous body 1,
(nimble swimmer 1), tentacles
a: Renounce Religion, Potion Petition, Call Merchant, Bribe Branch


You were on level 1 of the Lair of Beasts.
You worshipped Gozag.
Gozag was most pleased with you.
You visited 2 branches of the dungeon, and saw 10 of its levels.
You also visited: Ossuary.

You collected 1796 gold pieces.
You paid 567 gold pieces to Gozag.

Inventory:

Hand Weapons
 a - the +5 scimitar "Pycow" (weapon) {elec, rF+ rN+ Str+2}
   (You found it on level 3 of the Dungeon)

   Str:       It affects your strength (+2).
   rF:        It protects you from fire.
   rN:        It protects you from negative energy.
 b - a +0 sling
 w - a +2 dagger of draining
Missiles
 c - 5 curare-tipped darts
 i - 29 poisoned darts (quivered)
Armour
 K - a +0 buckler
Magical Staves
 u - a staff of death
Jewellery
 l - the amulet "Sivuerodd" (around mantle) {Acrobat rElec rPois Will+}
   (You took it off an orc wizard on level 9 of the Dungeon)

   [amulet of the acrobat]

   It increases your evasion while moving and waiting.
   rElec:     It insulates you from electricity.
   rPois:     It protects you from poison.
   Will:      It increases your willpower.
 o - a ring of ice
Wands
 x - a wand of acid (9)
 C - a wand of flame (6)
 E - a wand of charming (2)
 F - a wand of iceblast (17)
 H - a wand of polymorph (12)
Scrolls
 d - 4 scrolls of enchant armour
 f - 3 scrolls of immolation {unknown}
 h - 2 scrolls of teleportation
 j - a scroll of enchant weapon
 n - a scroll of blinking
 q - 2 scrolls of fear {unknown}
 r - 6 scrolls of vulnerability
 y - a scroll of brand weapon {unknown}
 D - 2 scrolls of butterflies {unknown}
Potions
 e - 2 potions of heal wounds
 g - a potion of curing
 k - a potion of berserk rage
 m - 5 potions of haste {unknown}
 p - 2 potions of resistance
 s - 2 potions of attraction
 t - 2 potions of ambrosia {unknown}
 v - a potion of flight {unknown}
 z - 2 potions of degeneration {unknown}
 A - a potion of lignification {unknown}
 B - a potion of magic {unknown}
 G - 2 potions of invisibility {unknown}
 J - 2 potions of mutation {unknown}


   Skills:
 + Level 5.4 Fighting
 - Level 4.0(7.1) Short Blades
 + Level 9.1(9.5) Long Blades
 - Level 4.0 Throwing
 - Level 6.0 Dodging
 - Level 8.0 Stealth
 - Level 8.0 Evocations


You had 7 spell levels left.
You knew the following spells:

 Your Spells              Type           Power      Damage    Failure   Level
a - Wereblood             Tmut           0%         N/A       41%         2

Your spell library contained the following spells:

 Spells                   Type           Power      Damage    Failure   Level
 Beastly Appendage        Tmut           0%         N/A       28%         1
 Freeze                   Ice            0%         1d3       28%         1
 Ensorcelled Hibernation  Hex/Ice        0%         N/A       41%         2
 Passwall                 Tmut/Erth      0%         N/A       41%         2
 Sublimation of Blood     Necr           0%         N/A       41%         2
 Frozen Ramparts          Ice            0%         1d1       65%         3
 Hailstorm                Conj/Ice       0%         3d3       65%         3
 Spider Form              Tmut/Pois      0%         N/A       65%         3
 Swiftness                Air            0%         N/A       65%         3
 Tukima's Dance           Hex            0%         N/A       65%         3
 Passage of Golubria      Tloc           0%         N/A       96%         4
 Yara's Violent Unravell  Hex/Tmut       0%         3d3       100%        5
 Summon Hydra             Summ           0%         N/A       100%        7


Dungeon Overview and Level Annotations

Branches:
Dungeon (9/15)             Temple (0/1) D:6            Lair (1/5) D:9
Ossuary (visited)
    Orc: D:9-12

Altars:
Fedhas
Gozag
Hepliaklqana
Kikubaaqudgha
Makhleb
Qazlal
Trog
Vehumet
Yredelemnul
Zin
The Shining One

Annotations:
D:9 2 transporters


Innate Abilities, Weirdness & Mutations

You cannot wear most types of armour.
You are amphibious.
You can wear up to eight rings at the same time.
Your skin changes colour to match your surroundings (Stealth+).
Your rubbery body absorbs attacks. (AC +1, EV +1)
((You are camouflaged when in or above water. (Stealth+)))
You have tentacles for arms and can constrict up to eight enemies at once.


Message History

The yak gores you.
You slash the yak! You squeeze the yak!
The yak is heavily wounded.
You slash the yak! Lightning courses through the yak!
The yak is heavily wounded.
You hit the yak. Your squeeze misses the yak.
The yak is severely wounded.
The yak barely misses you.
You completely miss the yak.
The yak is severely wounded.
The yak gores you!
You hit the yak.
The yak is severely wounded.
The yak gores you but does no damage.
You slash the yak! Lightning courses through the yak!
You kill the yak!
Training target 8.0 for Evocations reached!
Your Evocations skill increases to level 8!
You slash the yak!
The yak is moderately wounded.
The yak gores you.
You slash the yak!
The yak is severely wounded.
You barely miss the yak. You squeeze the yak.
The yak is severely wounded.
The yak gores you!
You barely miss the yak.
The yak is severely wounded.
The yak barely misses you.
You hit the yak. Lightning courses through the yak!
You kill the yak!
You hit the yak.
The yak is heavily wounded.
The yak gores you!
* * * LOW HITPOINT WARNING * * *
You hit the yak.
The yak is severely wounded.
The yak gores you!
You die...
Your body crumbles into a pile of gold.

#...........##
##...........#
#............#
###..........#
##.........#
##........#
#........#
###......#
##@##### #Y###
#...# ##....#
.....# ....(.#
......#
.......
.......


You could see a yak.

Vanquished Creatures
  A boulder beetle (D:7)
  Pikel (D:7)
  2 shadows
  2 yaks (Lair:1)
  2 steam dragons (D:9)
  An acid dragon (D:7)
  A water moccasin (D:7)
  3 sky beasts (D:7)
  An ice beast (D:7)
  3 orc warriors
  An ogre (D:7)
  2 lemures (D:7)
  4 centaurs
  A phantom (D:7)
  3 kobold brigands
  A gnoll sergeant (D:6)
  A scorpion (D:5)
  10 wights
  A howler monkey (D:6)
  3 jellies
  3 hounds (D:5)
  5 orc priests
  2 sleepcaps
  A gnoll bouda (D:5)
  3 iguanas
  10 orc wizards
  2 hound zombies (Ossuary)
  5 mummies
  3 adders
  18 gnolls
  3 shadow imps
  4 ufetubi
  2 adder zombies (Ossuary)
  A worm (D:4)
  2 dart slugs (D:4)
  41 orcs
  2 endoplasms (D:1)
  5 giant cockroaches
  2 gnoll zombies (Ossuary)
  5 goblins
  5 hobgoblins
  6 jackals
  4 quokkas
  8 ball pythons
  2 bats
  6 frilled lizards
  3 hobgoblin zombies (Ossuary)
  2 jackal zombies (Ossuary)
  23 kobolds
  A kobold zombie (Ossuary)
  10 rats
  A spectral goblin (D:6)
234 creatures vanquished.

Vanquished Creatures (others)
  A fungus (Lair:1)
  2 plants (D:8)
3 creatures vanquished.

Grand Total: 237 creatures vanquished

Notes
Turn   | Place    | Note
-------+----------+-------------------------------------------
     0 | D:1      | juan097 the Octopode Brigand began the quest for the Orb.
     0 | D:1      | Reached XP level 1. HP: 14/14 MP: 1/1
   212 | D:1      | Reached XP level 2. HP: 19/19 MP: 2/2
   676 | D:2      | Reached XP level 3. HP: 23/24 MP: 3/3
  1239 | D:2      | Reached XP level 4. HP: 25/29 MP: 4/4
  1791 | D:3      | Identified the +5 scimitar "Pycow" {elec, rF+ rN+ Str+2}
  2476 | D:4      | Reached XP level 5. HP: 34/34 MP: 5/5
  2680 | D:4      | Found an opulent altar of Gozag.
  2684 | D:4      | Became a worshipper of Gozag Ym Sagoz the Greedy
  3156 | D:4      | Reached skill level 1 in Long Blades
  3239 | D:4      | Reached XP level 6. HP: 39/39 MP: 6/6
  3246 | D:4      | Reached skill level 2 in Long Blades
  3406 | D:4      | Learned a level 2 spell: Wereblood
  3645 | D:5      | Entered Level 5 of the Dungeon
  3654 | D:5      | Reached skill level 3 in Long Blades
  3662 | D:5      | Found a basalt altar of Yredelemnul.
  3743 | D:5      | Reached skill level 4 in Long Blades
  3749 | D:5      | Reached XP level 7. HP: 27/45 MP: 7/7
  4120 | D:5      | Reached skill level 5 in Long Blades
  4814 | D:6      | Reached skill level 6 in Long Blades
  4855 | D:6      | Found a sand-covered staircase.
  5005 | Ossuary  | Entered an ossuary
  5029 | Ossuary  | Reached XP level 8. HP: 41/50 MP: 8/8
  5175 | Ossuary  | Reached skill level 7 in Long Blades
  5314 | D:6      | Found a staircase to the Ecumenical Temple.
  5566 | D:6      | Found a radiant altar of Vehumet.
  5566 | D:6      | Found a burning altar of Makhleb.
  5567 | D:6      | Found a blossoming altar of Fedhas.
  5688 | D:6      | Reached skill level 1 in Evocations
  5916 | D:6      | Found a hazy altar of Hepliaklqana.
  5925 | D:6      | Identified the +6 quarterstaff "Pufod" {flame, rN+ Str+2
                  | Dex+3 SInv}
  6494 | D:7      | Noticed a boulder beetle
  6756 | D:7      | Noticed Pikel
  6795 | D:7      | Noticed a shadow
  6798 | D:7      | Killed a shadow
  6799 | D:7      | Reached skill level 5 in Evocations
  6814 | D:7      | Reached XP level 9. HP: 54/54 MP: 9/9
  7118 | D:7      | Found a stormy altar of Qazlal.
  7712 | D:7      | Killed a boulder beetle
  7713 | D:7      | Reached skill level 8 in Long Blades
  7849 | D:7      | Reached skill level 5 in Dodging
  8262 | D:8      | Reached XP level 10. HP: 37/63 MP: 10/10
  8447 | D:8      | Found a glowing golden altar of the Shining One.
  8728 | D:9      | Found an ancient bone altar of Kikubaaqudgha.
  8747 | D:9      | Found a staircase to the Lair.
  9048 | D:9      | Noticed an eight-headed hydra
  9057 | D:9      | Identified the amulet "Sivuerodd" {Acrobat rElec rPois
                  | Will+}
  9072 | D:9      | Found a glowing silver altar of Zin.
  9091 | D:9      | Found a bloodstained altar of Trog.
  9213 | D:9      | Found a transporter.
  9213 | D:9      | Noticed an eight-headed hydra
  9213 | D:9      | Noticed a two-headed ogre
  9357 | D:9      | Found a transporter.
  9361 | D:9      | Noticed a boulder beetle
  9361 | D:9      | Noticed a kobold demonologist
 10550 | D:7      | Killed Pikel
 10551 | D:7      | Reached skill level 5 in Fighting
 10551 | D:7      | Reached skill level 9 in Long Blades
 10963 | Lair:1   | Entered Level 1 of the Lair of Beasts
 11125 | Lair:1   | Slain by a yak

Illustrated notes

Levels and vault maps discovered:
D:1:      shiori_shiawase, layout_rooms
D:2:      layout_rooms
D:3:      layout_loops_corners
D:4:      layout_layer_cave, mainiacjoe_overflow_24_doors, grunt_ministairs_5,
          minmay_distorted
D:5:      layout_loops_ring, mainiacjoe_overflow_chevrons
D:6:      layout_basic, nicolae_hepliaklqana_monster_ancestors,
          gammafunk_temple_overflow_claw, minmay_temple_entry_proselytizer,
          gup_ossuary_entry_pyramid
D:7:      minmay_spotlight, layout_gridville,
          mainiacjoe_overflow_small_starburst, uniq_pikel
D:8:      layout_loops_cross, tso_oasis_becter
D:9:      gammafunk_the_bubble [the_bubble_gammafunk_split],
          layout_irregular_city, nicolae_overflow_squiral, lemuel_tele_altar
Lair:1:   layout_cave_pods

Skill      XL: |  1  2  3  4  5  6  7  8  9 10 |
---------------+-------------------------------+-----
Dodging        | 2 3 4 5 6 |  6.0
Short Blades   | 3 4 |  4.0
Long Blades    | 1 4 6 7 8 9 |  9.1
Evocations     | 6 7 8 |  8.0
Stealth        | 7 8 |  8.0
Fighting       | 4 5 |  5.4
Throwing       | 3 4 |  4.0

Action                     |  1- 3 |  4- 6 |  7- 9 | 10-12 || total
---------------------------+-------+-------+-------+-------++-------
  Melee: Dagger            |    90 |    27 |    23 |     2 ||   142
         Constrict         |    19 |    10 |    41 |    15 ||    85
         Tentacles         |    14 |     8 |    33 |    24 ||    79
         Scimitar          |       |    40 |   150 |    90 ||   280
         Punch             |       |       |     4 |       ||     4
   Fire: Sling             |     4 |    48 |    68 |    50 ||   170
  Throw: Dart              |       |     4 |    14 |     2 ||    20
 Invoke: Potion Petition   |       |       |     1 |       ||     1
  Evoke: Wand              |       |       |     2 |     2 ||     4
    Use: Scroll            |       |       |     2 |     9 ||    11
   Stab: Sleeping          |    18 |     6 |    17 |     1 ||    42
         Distracted        |       |       |     1 |     1 ||     2
 Armour: Skin              |     1 |     3 |     2 |     4 ||    10
  Dodge: Dodged            |    39 |    57 |   104 |    53 ||   253

Table legend: (Time is in decaauts)
 A = Elapsed time spent in this place.
 B = Non-inter-level travel time spent in this place.
 C = Inter-level travel time spent in this place.
 D = Time resting spent in this place.
 E = Time spent auto-exploring this place.
 F = Levels seen in this place.
 G = Mean time per level.
                   A        B        C        D        E       F      G
               +--------+--------+--------+--------+--------+-----+--------+
         Total |  11080 |  10189 |    891 |    888 |   6854 |  11 | 1007.3 |
       Dungeon |  10662 |   9771 |    891 |    888 |   6609 |   9 | 1184.7 |
          Lair |    161 |    161 |      0 |      0 |    120 |   1 |  161.0 |
       Ossuary |    256 |    256 |      0 |      0 |    125 |   1 |  256.0 |
               +--------+--------+--------+--------+--------+-----+--------+

Top non-repeatable levels by time:
     D:7: 2038 daAuts
     D:6: 1618 daAuts
     D:4: 1556 daAuts
     D:8: 1262 daAuts
     D:5: 1026 daAuts
     D:9: 953 daAuts
     D:3: 900 daAuts
     D:2: 666 daAuts
     D:1: 639 daAuts
 Ossuary: 256 daAuts
  Lair:1: 161 daAuts
